 Dungeon Crawl Stone Soup version 0.30-a0-250-g41c1d76940 (webtiles) character file.

Game seed: 2206816022836733540

364 purpskrrrp the Shooter (level 6, -3/53 HPs)
             Began as a Minotaur Hunter on Oct 13, 2022.
             Was an Elder of Jiyva.
             Slain by a gnoll sergeant
             ... wielding a +0 spear
              (8 damage)
             ... on level 5 of the Dungeon.
             The game lasted 00:03:59 (2726 turns).

purpskrrrp the Shooter (Minotaur Hunter)            Turns: 2726, Time: 00:03:59

Health: -3/53      AC:  4    Str: 18    XL:     6   Next: 39%
Magic:  5/5        EV: 13    Int:  6    God:    Jiyva [****..]
Gold:   164        SH:  0    Dex: 13    Spells: 5/5 levels left

rFire   . . .      SeeInvis .    a - +0 shortbow
rCold   . . .      Faith    .    (shield currently unavailable)
rNeg    . . .      Spirit   .    c - +1 leather armour
rPois   .          Reflect  .    (helmet restricted)
rElec   .          Harm     .    (no cloak)
rCorr   +          Rampage  .    (no gloves)
Will    .....      Clarity  +    (no boots)
Stlth   +++.......               (no amulet)
HPRegen 1.56/turn                (no ring)
MPRegen 0.49/turn                (no ring)

@: no status effects
A: horns 2, retaliatory headbutt, clarity, translucent skin 2, MP-powered wands
a: Renounce Religion, Oozemancy, Slimify


You were on level 5 of the Dungeon.
You worshipped Jiyva.
Jiyva was greatly pleased with you.
You visited 1 branch of the dungeon, and saw 5 of its levels.

You collected 164 gold pieces.

Inventory:

Hand Weapons
 a - a +0 shortbow (weapon)
Missiles
 n - 2 throwing nets
Armour
 c - a +1 leather armour (worn)
Wands
 h - a wand of flame (27)
 k - a wand of light (6)
Scrolls
 b - a scroll of immolation
 e - a scroll of identify
Potions
 d - a potion of berserk rage {unknown}
 f - 3 potions of curing
 i - a potion of flight {unknown}
 l - a potion of ambrosia {unknown}


   Skills:
 + Level 4.6 Fighting
 + Level 5.7 Ranged Weapons
 + Level 4.2 Dodging
 + Level 2.8 Stealth


You had 5 spell levels left.
You didn't know any spells.
Your spell library contained the following spells:

 Spells                   Type           Power      Damage    Failure   Level
 Vhi's Electric Charge    Tloc/Air       0%         N/A       87%         3
 Arcjolt                  Conj/Air       0%         1d10      100%        5
 Maxwell's Capacitive Co  Air            0%         ∞         100%        8


Dungeon Overview and Level Annotations

Branches:
Dungeon (5/15)
 Temple: D:4-7

Altars:
Yredelemnul
Jiyva

Annotations:
D:5 2 runed translucent doors


Innate Abilities, Weirdness & Mutations

You have a pair of horns on your head.
You reflexively headbutt those who attack you in melee.
You possess an exceptional clarity of mind.
Your translucent skin reduces your foes' accuracy. (Stealth+)
You expend magic power (3 MP) to strengthen your wands.


Message History

The arrow hits the gnoll but does no damage.
The gnoll sergeant hits you from afar with a +0 spear.
The gnoll closely misses you.
The gnoll sergeant hits you from afar with a +0 spear!
* * * LOW HITPOINT WARNING * * *
The gnoll completely misses you.
The gnoll sergeant hits you with a +0 spear.
* * * LOW HITPOINT WARNING * * *
You shoot an arrow.
The arrow hits the gnoll sergeant but does no damage.
The gnoll barely misses you. The gnoll sergeant misses you.
You furiously retaliate!
You headbutt the gnoll sergeant. You shoot an arrow.
The gnoll sergeant blocks the arrow.
The gnoll hits you with a +0 flail.
* * * LOW HITPOINT WARNING * * *
The gnoll sergeant completely misses you.
You shoot an arrow. The arrow hits the gnoll sergeant!
The gnoll sergeant is moderately wounded.
The gnoll sergeant hits you with a +0 spear.
* * * LOW HITPOINT WARNING * * *
The gnoll closely misses you.
You shoot an arrow.
The arrow hits the gnoll sergeant but does no damage.
The gnoll sergeant is moderately wounded.
The gnoll barely misses you.
The gnoll sergeant completely misses you.
The gnoll sergeant hits you with a +0 spear!
* * * LOW HITPOINT WARNING * * *
The gnoll closely misses you. You furiously retaliate!
You headbutt the gnoll. You shoot an arrow. The arrow hits the gnoll sergeant.
The gnoll sergeant is moderately wounded.
The gnoll sergeant barely misses you. You furiously retaliate!
You headbutt the gnoll sergeant. The gnoll closely misses you.
You shoot an arrow.
The arrow hits the gnoll sergeant but does no damage.
The gnoll sergeant is severely wounded.
The gnoll barely misses you. You furiously retaliate!
You headbutt the gnoll!
You kill the gnoll!
The gnoll sergeant hits you with a +0 spear!
You die...

.. # ... .# ....
.# ....#####.#
......#...
....<...>
..##..)g##
.......@.#
#.....)..###
#.....)....###
#............#
.#.....^.####.#
.........####.#
##............##
....>....#####.##
.........#......#


You could see a gnoll sergeant.

Vanquished Creatures
  An ogre (D:4)
  A hound (D:4)
  2 iguanas
  Natasha (twice) (D:2)
  Robin (D:2)
  4 adders
  5 gnolls (D:5)
  2 dart slugs (D:3)
  4 bats
  An endoplasm (D:1)
  A giant cockroach (D:2)
  8 hobgoblins
  3 jackals (D:2)
  2 kobolds (D:4)
  2 quokkas (D:2)
  9 ball pythons
  2 frilled lizards
  16 goblins
  22 rats
88 creatures vanquished.

Vanquished Creatures (others)
  A jelly (D:2)
  Natasha (D:2)
  A dart slug (D:3)
  An orc (D:3)
  An endoplasm (D:2)
  A giant cockroach (D:3)
  2 goblins
  A hobgoblin (D:3)
  2 ball pythons
  A kobold (D:3)
  A rat (D:3)
  2 fungi (D:1)
  3 plants (D:1)
18 creatures vanquished.

Grand Total: 106 creatures vanquished

Notes
Turn   | Place    | Note
-------+----------+-------------------------------------------
     0 | D:1      | purpskrrrp the Minotaur Hunter began the quest for the Orb.
     0 | D:1      | Reached XP level 1. HP: 18/18 MP: 0/0
   137 | D:1      | Found a faded altar of an unknown god.
   266 | D:1      | Reached skill level 1 in Stealth
   278 | D:1      | Prayed at the altar of an unknown god.
   278 | D:1      | Became a worshipper of Jiyva Jayvus the Shapeless
   278 | D:1      | Reached * piety under Jiyva
   327 | D:1      | Reached XP level 2. HP: 25/25 MP: 1/1
   633 | D:2      | Noticed Natasha
   648 | D:2      | Noticed a crimson imp
   649 | D:2      | Killed Natasha
   650 | D:2      | Reached XP level 3. HP: 24/31 MP: 2/2
   714 | D:2      | Reached ** piety under Jiyva
   781 | D:2      | Noticed Natasha
   783 | D:2      | Killed Natasha
   806 | D:2      | Reached XP level 4. HP: 38/38 MP: 3/3
   841 | D:2      | Killed Natasha
   885 | D:2      | Found a basalt altar of Yredelemnul.
   972 | D:2      | Noticed Robin
   975 | D:2      | Killed Robin
  1079 | D:2      | Reached skill level 5 in Ranged Weapons
  1651 | D:3      | Reached *** piety under Jiyva
  1856 | D:4      | Gained mutation: You possess an exceptional clarity of
                  | mind. [Jiyva's grace]
  1856 | D:4      | Gained mutation: You expend magic power (3 MP) to
                  | strengthen your wands. [Jiyva's grace]
  1856 | D:4      | Gained mutation: Your translucent skin slightly reduces
                  | your foes' accuracy. (Stealth+) [Jiyva's grace]
  1856 | D:4      | Gained mutation: Your translucent skin reduces your foes'
                  | accuracy. (Stealth+) [Jiyva's grace]
  1860 | D:4      | Noticed an ogre
  1867 | D:4      | Killed an ogre
  1868 | D:4      | Reached XP level 5. HP: 34/46 MP: 4/4
  2148 | D:4      | Reached **** piety under Jiyva
  2361 | D:4      | Reached XP level 6. HP: 42/53 MP: 5/5
  2662 | D:5      | Entered Level 5 of the Dungeon
  2676 | D:5      | Found a runed translucent gate.
  2676 | D:5      | Found a runed translucent gate.
  2724 | D:5      | HP: 1/53 [gnoll sergeant/+0 spear (8)]
  2726 | D:5      | Slain by a gnoll sergeant

Illustrated notes

Levels and vault maps discovered:
D:1:      minmay_arrival_up_and_down, layout_basic,
          shapermc_ecumenical_altar_mp_ritualfount
D:2:      layout_loops_ring, basic_altar, minmay_rat_hole, uniq_robin,
          uniq_natasha
D:3:      layout_basic
D:4:      layout_cave_pods
D:5:      layout_rooms, trog_antimagical, nicolae_ru_the_path_less_chosen,
          minmay_temple_entry_ruins, gammafunk_ghost_split,
          nicolae_concentric_dashed_squares_wild, lightli_minifort

Skill      XL: |  1  2  3  4  5 |
---------------+----------------+-----
Stealth        | 1 2 |  2.8
Fighting       | 3 4 |  4.6
Dodging        | 3 4 |  4.2
Ranged Weapons | 5 |  5.7

Action                   |  1- 3 |  4- 6 || total
-------------------------+-------+-------++-------
 Fire: Shortbow          |    77 |   183 ||   260
  Use: Scroll            |       |     5 ||     5
Armor: Leather armour    |     7 |    14 ||    21
Dodge: Dodged            |    25 |    88 ||   113

Table legend: (Time is in decaauts)
 A = Elapsed time spent in this place.
 B = Non-inter-level travel time spent in this place.
 C = Inter-level travel time spent in this place.
 D = Time resting spent in this place.
 E = Time spent auto-exploring this place.
 F = Levels seen in this place.
 G = Mean time per level.
                   A        B        C        D        E       F      G
               +--------+--------+--------+--------+--------+-----+--------+
         Total |   2798 |   2618 |    180 |     18 |   2091 |   5 |  559.6 |
       Dungeon |   2798 |   2618 |    180 |     18 |   2091 |   5 |  559.6 |
               +--------+--------+--------+--------+--------+-----+--------+

Top non-repeatable levels by time:
     D:4: 853 daAuts
     D:2: 821 daAuts
     D:1: 615 daAuts
     D:3: 435 daAuts
     D:5: 72 daAuts
